 Dungeon Crawl Stone Soup version 0.30-a0-857-gcaf70739d4 (webtiles) character file.

Game seed: 13123932423377395760

193 Demosthentine the Ducker (level 5, -6/41 HPs)
             Began as a Demonspawn Gladiator on Mar 5, 2023.
             Killed from afar by Dowan (10 damage)
             ... with a bolt of light
             ... on level 4 of the Dungeon.
             The game lasted 00:01:45 (2501 turns).

Demosthentine the Ducker (Demonspawn Gladiator)     Turns: 2501, Time: 00:01:46

Health: -6/41      AC:  6    Str: 16    XL:     5   Next: 44%
Magic:  5/5        EV: 13    Int: 10    God:
Gold:   139        SH:  0    Dex: 14    Spells: 4/4 levels left

rFire   . . .      SeeInvis .    a - +0 trident
rCold   . . .      Faith    .    (no shield)
rNeg    . . .      Spirit   .    b - +0 leather armour
rPois   .          Reflect  .    c - +0 helmet
rElec   .          Rampage  .    q - +1 cloak
rCorr   .                        (no gloves)
Will    .....                    (no boots)
Stlth   +                        (no amulet)
HPRegen 0.26/turn                (no ring)
MPRegen 0.09/turn                (no ring)

@: confused
A: claws 1, powered by death 1, spiny 1
a: no special abilities


You were on level 4 of the Dungeon.
You visited 1 branch of the dungeon, and saw 4 of its levels.

You collected 139 gold pieces.

Inventory:

Hand Weapons
 a - a +0 trident (weapon)
 i - the +10 hammer of Action {freeze, rPois Str+2 Int+3 Dex-2}
   (You found it on level 2 of the Dungeon)

   Str:       It affects your strength (+2).
   Int:       It affects your intelligence (+3).
   Dex:       It affects your dexterity (-2).
   rPois:     It protects you from poison.
Missiles
 d - 2 throwing nets (quivered)
 e - 5 javelins
Armour
 b - a +0 leather armour (worn)
 c - a +0 helmet (worn)
 q - a +1 cloak (worn)
Wands
 m - a wand of mindburst (15)
Scrolls
 p - a scroll of identify
 s - a scroll of teleportation
Potions
 f - 3 potions of haste
 g - a potion of brilliance {unknown}
 h - 3 potions of flight
 j - a potion of lignification {unknown}
 k - a potion of invisibility
 l - 2 potions of mutation
 n - a potion of might
 o - a potion of ambrosia


   Skills:
 + Level 3.3 Fighting
 + Level 3.6 Polearms
 - Level 1.7 Throwing
 + Level 2.2 Armour
 + Level 3.6 Dodging


You had 4 spell levels left.
You didn't know any spells.
Your spell library contained the following spells:

 Spells                   Type           Power      Damage    Failure   Level
 Apportation              Tloc           0%         N/A       43%         1
 Kiss of Death            Conj/Necr      0%         2d5       43%         1
 Sandblast                Erth           0%         2d4       43%         1
 Passwall                 Tmut/Erth      0%         N/A       56%         2
 Confusing Touch          Hex            0%         N/A       80%         3
 Stone Arrow              Conj/Erth      0%         3d7       80%         3
 Dispel Undead            Necr           0%         3d6       99%         4
 Alistair's Intoxication  Tmut/Pois      0%         N/A       100%        5


Dungeon Overview and Level Annotations

Branches:
Dungeon (4/15)
 Temple: D:4-7

Altars:
Dithmenos
Fedhas
Vehumet
Xom

Shops:
D:3 =

Annotations:
D:4 Dowan, Duvessa


Innate Abilities, Weirdness & Mutations

You have sharp fingernails.
You regenerate a little health from kills.
You are partially covered in sharp spines.


Message History

You hear a shout!
Duvessa misses you. Duvessa hits you with a +0 rapier!
There are monsters nearby!
You hit Duvessa.
Duvessa is moderately wounded.
Dowan zaps a wand.
The bolt of light hits you!
* * * LOW HITPOINT WARNING * * *
Duvessa closely misses you.
You are too injured to fight recklessly!
You are too injured to fight recklessly!
You are too injured to fight recklessly!
You are too injured to fight recklessly!
You are too injured to fight recklessly!
You closely miss Duvessa.
Duvessa is moderately wounded.
Dowan misses you. Duvessa barely misses you.
You closely miss Duvessa.
Duvessa is moderately wounded.
Dowan points at you and mumbles some strange words.
The puff of flame misses you. Duvessa is struck by your spines.
Duvessa hits you with a +0 rapier.
* * * LOW HITPOINT WARNING * * *
You barely miss Duvessa.
Duvessa is heavily wounded.
Dowan casts a spell at Duvessa.
Duvessa seems to speed up.
Duvessa is struck by your spines. Duvessa closely misses you.
You closely miss Duvessa.
Duvessa is heavily wounded.
Duvessa barely misses you. Dowan closely misses you.
Duvessa hits you with a +0 rapier.
* * * LOW HITPOINT WARNING * * *
Unknown command.
You hit Duvessa.
Duvessa is heavily wounded.
Duvessa hits you with a +0 rapier.
* * * LOW HITPOINT WARNING * * *
Dowan zaps a wand.
The bolt of light hits you!
You are confused.
You die...

..# # ..##.# ...#.#
..... ...# # ##...
#.#ee# # #.#@##.#
#......# ###.####
#. #.######## #.
#.#......####.#
##.#.##.........##
#.......≈§≈≈≈....##
##.#..≈≈≈§≈≈≈≈≈....
#...#≈§§≈≈≈≈≈≈#..#


You could see Duvessa (fast) and Dowan.

Vanquished Creatures
  A scorpion (D:4)
  Crazy Yiuf (D:2)
  Jessica (D:2)
  3 adders
  A worm (D:2)
  A dart slug (D:1)
  8 endoplasms
  2 giant cockroaches
  5 goblins
  5 hobgoblins
  6 jackals (D:1)
  4 kobolds
  2 quokkas (D:1)
  2 ball pythons
  3 bats
  4 frilled lizards
  3 rats
52 creatures vanquished.

Notes
Turn   | Place    | Note
-------+----------+-------------------------------------------
     0 | D:1      | Demosthentine the Demonspawn Gladiator began the quest for
                  | the Orb.
     0 | D:1      | Reached XP level 1. HP: 16/16 MP: 1/1
    81 | D:1      | Gained mutation: You are partially covered in sharp spines.
                  | [demonic ancestry]
    81 | D:1      | Reached XP level 2. HP: 18/22 MP: 2/2
    96 | D:1      | Found a faded altar of an unknown god.
   327 | D:1      | Reached skill level 1 in Armour
   448 | D:1      | Reached XP level 3. HP: 26/28 MP: 3/3
   944 | D:2      | Identified the +10 hammer of Action {freeze, rPois Str+2
                  | Int+3 Dex-2}
   949 | D:2      | Found a runed translucent door.
   975 | D:2      | Noticed Crazy Yiuf
  1305 | D:2      | Noticed Jessica
  1312 | D:2      | Killed Jessica
  1313 | D:2      | Gained mutation: You regenerate a little health from kills.
                  | [demonic ancestry]
  1313 | D:2      | Reached XP level 4. HP: 22/34 MP: 4/4
  1827 | D:2      | Killed Crazy Yiuf
  1919 | D:3      | Found Xiat's Jewellery Shop.
  1949 | D:3      | Found a shimmering altar of Xom.
  1995 | D:3      | Found a blossoming altar of Fedhas.
  2125 | D:3      | Gained mutation: You have sharp fingernails. [demonic
                  | ancestry]
  2125 | D:3      | Reached XP level 5. HP: 41/41 MP: 5/5
  2251 | D:3      | Found a radiant altar of Vehumet.
  2251 | D:3      | Found a shadowy altar of Dithmenos.
  2492 | D:4      | Noticed Duvessa
  2492 | D:4      | Noticed Dowan
  2501 | D:4      | Killed from afar by Dowan

Illustrated notes

Levels and vault maps discovered:
D:1:      dpeg_arrival_long_road, layout_loops_ring,
          hellmonk_ecumenical_altar_blasted
D:2:      layout_loops_corners, uniq_crazy_yiuf_cottage, uniq_jessica
D:3:      layout_rooms, mainiacjoe_overflow_boulevard,
          mainiacjoe_overflow_catwalk,
          chequers_temple_overflow_statue_of_worship, serial_shops, shop
D:4:      layout_loops_corners, eino_tiny_chamber, grunt_decor_junction,
          uniq_eustachio, uniq_duvessa

Skill      XL: |  1  2  3  4  5 |
---------------+----------------+-----
Polearms       | 3 |  3.6
Armour         | 1 2 |  2.2
Dodging        | 3 |  3.6
Fighting       | 3 |  3.3
Throwing       | |  1.7

Action                     |  1- 3 |  4- 6 || total
---------------------------+-------+-------++-------
  Melee: Trident           |    82 |    47 ||   129
  Throw: Throwing net      |       |     1 ||     1
    Use: Scroll            |     1 |     7 ||     8
         Potion            |       |     3 ||     3
   Stab: Sleeping          |     2 |     1 ||     3
         Held in net/web   |       |     1 ||     1
 Armour: Leather armour    |    23 |     6 ||    29
  Dodge: Dodged            |    39 |    21 ||    60

Table legend: (Time is in decaauts)
 A = Elapsed time spent in this place.
 B = Non-inter-level travel time spent in this place.
 C = Inter-level travel time spent in this place.
 D = Time resting spent in this place.
 E = Time spent auto-exploring this place.
 F = Levels seen in this place.
 G = Mean time per level.
                   A        B        C        D        E       F      G
               +--------+--------+--------+--------+--------+-----+--------+
         Total |   2519 |   2420 |     99 |     39 |   2040 |   4 |  629.8 |
       Dungeon |   2519 |   2420 |     99 |     39 |   2040 |   4 |  629.8 |
               +--------+--------+--------+--------+--------+-----+--------+

Top non-repeatable levels by time:
     D:2: 1222 daAuts
     D:1: 665 daAuts
     D:3: 492 daAuts
     D:4: 139 daAuts
